 Dungeon Crawl Stone Soup version 0.21.0-3-g78d12a8 (webtiles) character file.

324 MDvedh the Ducker (level 6, -2/48 HPs)
             Began as a Vine Stalker Arcane Marksman on Jan 8, 2018.
             Slain by Menkaure (3 damage)
             ... on level 4 of the Dungeon.
             The game lasted 00:06:16 (3447 turns).

MDvedh the Ducker (Vine Stalker Arcane Marksman)    Turns: 3447, Time: 00:06:17

Health: -2/48      AC: 23    Str: 11 (14) XL:     6   Next: 48%
Magic:  0/8        EV:  2    Int: 12 (13) God:
Gold:   165        SH:  0    Dex: 12 (15) Spells: 6/7 levels left

rFire    + . .     SeeInvis .   s - +2 spear (venom)
rCold    + . .     Gourm    .   (no shield)
rNeg     + + +     Faith    .   (armour currently unavailable)
rPois    +         Spirit   +   (helmet currently unavailable)
rElec    +         Reflect  .   (cloak currently unavailable)
rCorr    +         Harm     .   (gloves currently unavailable)
MR       .....     NoTele   +   (boots currently unavailable)
Stlth    +.........             (no amulet)
HPRegen  0.56/turn              (no ring)
MPRegen  0.11/turn              (no ring)

@: tree-form, resistant
A: regeneration 1, magic shield, no potion heal 3, rot immunity
a: no special abilities


You were on level 4 of the Dungeon.
You were hungry.
You were a tree.
You visited 1 branch of the dungeon, and saw 4 of its levels.

You collected 165 gold pieces.

Inventory:

Hand Weapons
 s - a +2 spear of venom (weapon)
Missiles
 d - 3 throwing nets
 q - 4 javelins (quivered)
Armour
 g - a +1 pair of boots (melded)
 h - a +0 chain mail (melded)
 v - a +1 helmet (melded)
Wands
 a - a wand of polymorph (13)
Scrolls
 i - a scroll of immolation {unknown}
 j - 3 scrolls of identify {unknown}
 l - a scroll of fear {unknown}
 m - a scroll of magic mapping {unknown}
 n - 4 scrolls of remove curse {unknown}
 o - 4 scrolls of teleportation {unknown}
 t - a scroll of amnesia {unknown}
Potions
 c - a potion of degeneration
 e - a potion of lignification
 p - a potion of agility {unknown}
 r - a potion of haste {unknown}
 u - 2 potions of resistance
 w - a potion of brilliance {unknown}
 x - a potion of might {unknown}
Books
 b - a book of Debilitation

   Spells                             Type                      Level
   a - Corona                         Hexes                        1
   b - Slow                           Hexes                        2
   c - Inner Flame                    Hexes/Fire                   3
   d - Portal Projectile              Hexes/Translocation          3
   e - Cause Fear                     Hexes                        4
   f - Leda's Liquefaction            Hexes/Earth                  4
Comestibles
 f - 6 rations


   Skills:
 - Level 3.0 Fighting
 + Level 2.1 Polearms
 - Level 1.7 Throwing
 - Level 2.4 Armour
 - Level 3.1 Dodging
 - Level 1.1 Spellcasting
 - Level 3.0 Hexes


You had 6 spell levels left.
You knew the following spells:

 Your Spells              Type           Power        Failure   Level  Hunger
a - Corona                Hex            #......      9%          1    ##.....


Dungeon Overview and Level Annotations

Branches:
Dungeon (4/15)
 Temple: D:4-7

Altars:

Annotations:
D:4 Menkaure


Innate Abilities, Weirdness & Mutations

((You have extremely sharp teeth.))
Your natural rate of healing is unusually fast.
When hurt, damage is shared between your health and your magic reserves.
((Your bite disrupts and absorbs the magic of your enemies.))
Potions cannot restore your health.
You are immune to rotting.


Message History

Menkaure hits you!
* * * LOW HITPOINT WARNING * * *
Unknown command.
It was a potion of resistance.
You feel protected. Menkaure hits you but does no damage.
It was a potion of degeneration.
There was something very wrong with that liquid.
You feel weakened.
You feel dopey.
You feel clumsy. Menkaure hits you.
* * * LOW HITPOINT WARNING * * *
It was a potion of lignification.
You turn into a tree.
Your +1 helmet melds into your body.
Your +1 pair of boots melds into your body.
Your +0 chain mail melds into your body.
Your roots penetrate the ground.
Menkaure hits you but does no damage.
It was a potion of heal wounds.
That seemed strangely inert.
Menkaure hits you.
* * * LOW HITPOINT WARNING * * *
Menkaure hits you.
You die...

..######.##....#
............#..#
..######.####..#
#.......#
#.####.##
#......#
######.# #.# #♣#
......M...#
#######...#
...... ....###
#...## ##.## #.#


You could see Menkaure.

Vanquished Creatures
  An orc priest (D:4)
  3 orc wizards
  Robin (D:1)
  2 gnolls (D:3)
  5 adders
  An ooze (D:1)
  A worm (D:2)
  4 dart slugs
  4 leopard geckos
  14 orcs
  9 bats
  A giant cockroach (D:1)
  22 goblins
  18 hobgoblins
  3 jackals
  3 kobolds (D:2)
  5 frilled lizards
  7 rats
104 creatures vanquished.

Notes
Turn   | Place    | Note
-------+----------+-------------------------------------------
     0 | D:1      | MDvedh the Vine Stalker Arcane Marksman began the quest for the Orb.
     0 | D:1      | Reached XP level 1. HP: 9/9 MP: 3/3
    20 | D:1      | Reached skill level 1 in Fighting
   508 | D:1      | Reached XP level 2. HP: 14/14 MP: 4/4
   778 | D:1      | Reached skill level 1 in Armour
   828 | D:1      | Reached XP level 3. HP: 17/18 MP: 5/5
  1408 | D:2      | Noticed Robin
  1894 | D:1      | Gained mutation: Your natural rate of healing is unusually fast. [Vine Stalker growth]
  1894 | D:1      | Reached XP level 4. HP: 11/23 MP: 6/6
  1918 | D:1      | Killed Robin
  2248 | D:2      | Reached XP level 5. HP: 25/27 MP: 7/7
  2751 | D:3      | Reached XP level 6. HP: 28/32 MP: 8/8
  3351 | D:4      | Reached skill level 1 in Polearms
  3436 | D:4      | Noticed Menkaure
  3447 | D:4      | HP: 1/48 [Menkaure (3)]
  3447 | D:4      | Slain by Menkaure

Skill      XL: |  1  2  3  4  5  6 |
---------------+-------------------+-----
Fighting       | 1 2 3 |  3.0
Dodging        | 2 3 |  3.1
Armour         | 1 2 |  2.4
Polearms       | 2 |  2.1
Throwing       | |  1.7
Spellcasting   | |  1.1
Hexes          | |  3.0

Action                   |  1- 3 |  4- 6 || total
-------------------------+-------+-------++-------
Melee: Unarmed           |    25 |       ||    25
       Bite              |    41 |    66 ||   107
       Club              |   123 |    11 ||   134
       Spear             |       |   285 ||   285
Throw: Javelin           |     6 |     4 ||    10
       Throwing net      |       |     2 ||     2
  Use: Potion            |       |     4 ||     4
  Eat: Chunk             |     3 |     5 ||     8
Armor: Chain mail        |   154 |   206 ||   360
       Robe              |     2 |       ||     2
       Skin              |       |     1 ||     1
Dodge: Dodged            |    72 |    73 ||   145
